 Dungeon Crawl Stone Soup version 0.26.1-2-gb8aa6d0cf2 (webtiles) character file.

Game seed: 651122181057638417

35 sizableburger the Grave Robber (level 3, 0/26 HPs)
             Began as a Human Necromancer on Feb 18, 2021.
             Slain by a worm (6 damage)
             ... on level 2 of the Dungeon.
             The game lasted 00:04:46 (2005 turns).

sizableburger the Grave Robber (Human Necromancer)  Turns: 2005, Time: 00:04:47

Health: 0/26       AC:  6    Str:  8    XL:     3   Next: 55%
Magic:  0/6        EV: 13    Int: 16    God:
Gold:   100        SH:  0    Dex: 13    Spells: 2/6 levels left

rFire    . . .     SeeInvis +   c - +0 dagger
rCold    . . .     Faith    .   (no shield)
rNeg     . . .     Spirit   .   a - +0 robe
rPois    .         Reflect  .   f - +2 helmet
rElec    .         Harm     .   (no cloak)
rCorr    .         Rampage  .   (no gloves)
Will     .....                  g - +0 pair of boots
Stlth    ++........             (no amulet)
HPRegen  0.08/turn              d - ring of see invisible
MPRegen  0.10/turn              (no ring)

@: no status effects
A: no striking features
a: no special abilities


You were on level 2 of the Dungeon.
You visited 1 branch of the dungeon, and saw 2 of its levels.

You collected 100 gold pieces.

Inventory:

Hand Weapons
 c - a +0 dagger (weapon)
Missiles
 p - a throwing net
Armour
 a - a +0 robe (worn)
 f - a +2 helmet (worn)
 g - a +0 pair of boots (worn)
Jewellery
 d - a ring of see invisible (left hand)
 j - a +4 ring of protection {unknown}
Scrolls
 e - a scroll of fog {unknown}
 h - a scroll of immolation {unknown}
 i - 2 scrolls of enchant armour {unknown}
 k - a scroll of remove curse {unknown}
 l - a scroll of identify {unknown}
 m - a scroll of magic mapping {unknown}
 n - 3 scrolls of random uselessness {unknown}
 o - a scroll of noise {unknown}
Potions
 b - 2 potions of curing {unknown}


   Skills:
 - Level 1.0 Fighting
 + Level 1.0 Short Blades
 + Level 2.6 Dodging
 - Level 2.0 Stealth
 - Level 2.0 Spellcasting
 + Level 4.3 Necromancy


You had 2 spell levels left.
You knew the following spells:

 Your Spells              Type           Power        Failure   Level
a - Pain                  Necr           60%          3%          1
b - Vampiric Draining     Necr           7%           11%         3

Your spell library contained the following spells:

 Spells                   Type           Power        Failure   Level
 Animate Skeleton         Necr           30%          3%          1
 Animate Dead             Necr           7%           34%         4
 Agony                    Necr           15%          67%         5


Dungeon Overview and Level Annotations

Branches:
Dungeon (2/15)

Altars:


Message History

The worm writhes in agony.
Casting: Pain (safe; 3% risk of failure)
Confirm with . or Enter, or press ? or * to list all spells.
Aiming: Pain (safe; 3% risk of failure)
Press: ? - help, Shift-Dir - straight line, f/p - worm
Aim: a worm (heavily wounded, chance to affect: 80%)
The worm barely resists.
The worm bites you but does no damage.
Casting: Pain (safe; 3% risk of failure)
Confirm with . or Enter, or press ? or * to list all spells.
Aiming: Pain (safe; 3% risk of failure)
Press: ? - help, Shift-Dir - straight line, f/p - worm
Aim: a worm (heavily wounded, chance to affect: 80%)
The worm writhes in agony.
Casting: Pain (safe; 3% risk of failure)
Confirm with . or Enter, or press ? or * to list all spells.
Aiming: Pain (safe; 3% risk of failure)
Press: ? - help, Shift-Dir - straight line, f/p - worm
Aim: a worm (heavily wounded, chance to affect: 80%)
The worm writhes in agony.
The worm bites you.
You die...

#.........w#### #######.....w.#
#...######†# #.....#....#w####
#.#...#.##.#....#
#.#####.##.####.# #.#........#
#.##### ### #.#.###.#######.....#
#.. #.#.# #.#..@w.'.....# ####..
######.#.# #.#.#####.....# #.....
#....#.#.# #.#.#...+.....# #..>..
#.##.#...###.#<#.###.....# #.....
#.##.....#...#[..........###.....
#.##....[#.##......#......(......
#.###.####. +....#.#.............
#.###.#.#####....#.#.............
......#.....#....#.#.............


You could see a worm.

Vanquished Creatures
  An ooze (D:1)
  2 dart slugs
  A leopard gecko (D:1)
  4 goblins
  A hobgoblin (D:1)
  A jackal (D:1)
  5 kobolds (D:1)
  6 bats
  2 frilled lizards
  4 rats
27 creatures vanquished.

Notes
Turn   | Place    | Note
-------+----------+-------------------------------------------
     0 | D:1      | sizableburger the Human Necromancer began the quest for the
                  | Orb.
     0 | D:1      | Reached XP level 1. HP: 13/13 MP: 3/3
   322 | D:1      | Reached XP level 2. HP: 19/20 MP: 3/5
   609 | D:1      | Reached skill level 1 in Fighting
  1187 | D:1      | Reached XP level 3. HP: 19/26 MP: 0/6
  1305 | D:1      | Learned a level 3 spell: Vampiric Draining
  1878 | D:2      | Reached skill level 1 in Short Blades
  2005 | D:2      | Slain by a worm

Illustrated notes

Levels and vault maps discovered:
D:1:      dpeg_arrival_arbitrary_a, layout_loops_ring, minmay_pentomino_u4
D:2:      layout_basic, minmay_statues_item

Skill      XL: |  1  2  3 |
---------------+----------+-----
Fighting       | 1 |  1.0
Short Blades   | 1 |  1.0
Dodging        | |  2.6
Stealth        | |  2.0
Spellcasting   | |  2.0
Necromancy     | |  4.3

Action                   || total
-------------------------++-------
Melee: Dagger            ||    55
 Cast: Pain              ||    56
       Vampiric Draining ||     1
 Stab: Sleeping          ||     1
Armor: Robe              ||    26
Dodge: Dodged            ||    73
